 Dungeon Crawl Stone Soup version 0.29-a0-830-gcb1280458a (webtiles) character file.

Game seed: 16037190307027457962

646 Bnni the Shooter (level 7, 0/55 HPs)
             Began as a Demonspawn Gladiator on July 12, 2022.
             Was an Elder of Lugonu.
             Slain by Sigmund
             ... wielding a +0 vorpal scythe
              (1 damage)
             ... on level 5 of the Dungeon.
             The game lasted 00:06:21 (3636 turns).

Bnni the Shooter (Demonspawn Gladiator)             Turns: 3636, Time: 00:06:22

Health: 0/55       AC:  9    Str: 15    XL:     7   Next: 27%
Magic:  7/7        EV: 11    Int:  9    God:    Lugonu [****..]
Gold:   232        SH:  4    Dex: 16    Spells: 6/6 levels left

rFire   . . .      SeeInvis .   a - +0 long sword
rCold   . . .      Faith    .   (no shield)
rNeg    . . .      Spirit   .   u - +0 ring mail
rPois   .          Reflect  .   c - +0 helmet
rElec   .          Harm     .   (no cloak)
rCorr   .          Rampage  .   p - +2 pair of gloves
Will    .....                   (no boots)
Stlth   +.........              q - amulet of regeneration
HPRegen 0.98/turn               (no ring)
MPRegen 0.10/turn               (no ring)

@: no status effects
A: hooves 2, large bone plates 1
a: Renounce Religion, Depart the Abyss, Bend Space, Banish, Corrupt


You were on level 5 of the Dungeon.
You worshipped Lugonu.
Lugonu was greatly pleased with you.
You visited 1 branch of the dungeon, and saw 5 of its levels.

You collected 232 gold pieces.

Inventory:

Hand Weapons
 a - a +0 long sword (weapon)
 i - a +0 sling
 t - a +0 arbalest
Missiles
 d - 3 throwing nets (quivered)
 e - a javelin
 w - 6 poisoned darts
Armour
 c - a +0 helmet (worn)
 p - a +2 pair of gloves (worn)
 u - a +0 ring mail (worn)
Jewellery
 q - an amulet of regeneration (around neck)
Wands
 s - a wand of iceblast (9)
Scrolls
 f - 3 scrolls of enchant weapon {unknown}
 g - 3 scrolls of immolation {unknown}
 k - 4 scrolls of identify {unknown}
 l - 3 scrolls of teleportation {unknown}
 m - a scroll of acquirement {unknown}
 n - a scroll of poison {unknown}
 v - a scroll of fog {unknown}
Potions
 b - a potion of degeneration {unknown}
 h - a potion of magic {unknown}
 j - a potion of berserk rage {unknown}
 o - a potion of attraction {unknown}
 r - a potion of heal wounds {unknown}


   Skills:
 + Level 4.9 Fighting
 - Level 3.3 Long Blades
 * Level 5.4 Ranged Weapons
 - Level 1.7 Throwing
 - Level 2.6 Dodging


You had 6 spell levels left.
You didn't know any spells.
Your spell library contained the following spells:

 Spells                   Type           Power      Damage    Failure   Level
 Magic Dart               Conj           0%         1d3       63%         1
 Blink                    Tloc           0%         N/A       77%         2
 Searing Ray              Conj           0%         2d4       77%         2
 Sublimation of Blood     Necr           0%         N/A       77%         2
 Fulminant Prism          Conj/Hex       0%         3d6       100%        4
 Petrify                  Tmut/Erth      0%         N/A       100%        4
 Irradiate                Conj/Tmut      0%         3d11      100%        5
 Manifold Assault         Tloc           0%         N/A       100%        5
 Storm Form               Tmut/Air       0%         N/A       100%        7


Dungeon Overview and Level Annotations

Branches:
Dungeon (5/15)
 Temple: D:4-7

Altars:
Ashenzari
Nemelex Xobeh
Lugonu

Annotations:
D:5 Sigmund


Innate Abilities, Weirdness & Mutations

You have hoof-like feet.
You are partially covered in large bone plates. (SH +4)


Message History

Fire: t) +0 arbalest
Press: ? - help, Q - select action, (/) - cycle Shift-Dir - straight line You shoot a bolt.
Something hits you!
Unknown command.
Fire: t) +0 arbalest
Press: ? - help, Q - select action, (/) - cycle Shift-Dir - straight line You shoot a bolt.
Something hits you.
Unknown command.
Fire: t) +0 arbalest
Press: ? - help, Q - select action, (/) - cycle Shift-Dir - straight line You shoot a bolt.
Something completely misses you.
Unknown command.
Fire: t) +0 arbalest
Press: ? - help, Q - select action, (/) - cycle Shift-Dir - straight line You shoot a bolt.
Something hits you.
Fire: t) +0 arbalest
Press: ? - help, Q - select action, (/) - cycle Shift-Dir - straight line You shoot a bolt.
Something hits you! x2
* * * LOW HITPOINT WARNING * * *
x2 Unknown command.
a - a +0 long sword (weapon)
Something hits you.
* * * LOW HITPOINT WARNING * * *
x2 You barely miss something.
Your kick misses something. You hit something.
Something hits you but does no damage.
You closely miss something. You kick something. Something hits you.
* * * LOW HITPOINT WARNING * * *
x2
Okay, then.
You miss something.
You hear some strange, mumbled words.
Something tries to affect you, but you resist.
You hit something but do no damage. You kick something. You hit something.
Your kick misses something. Something hits you.
* * * LOW HITPOINT WARNING * * *
You die...

######## #####.....
#......# ##..#...#..
#......# #.......#..
#......# #.......#..
#......# #.......#..
#......######.#####..
#...........#.##.....
#...........#..'.....
#...@.......#..#.....
#..{........#..#.....
#...........##'#.....
....###+#...........##
.....$ #...........#.
...... #...........#.
..... #...........'.
..... #...........#.
#####.......#.


There were no monsters in sight!

Vanquished Creatures
  A black bear (D:5)
  A bullfrog (D:4)
  A necrophage (D:5)
  A scorpion (D:5)
  A hound (D:5)
  An orc priest (D:5)
  An iguana (D:3)
  4 orc wizards (D:5)
  8 adders
  2 white imps (D:5)
  An adder zombie (D:4)
  An adder skeleton (D:4)
  A worm (D:2)
  2 dart slugs (D:4)
  14 orcs
  9 ball pythons
  2 endoplasms
  4 giant cockroaches
  12 goblins
  5 hobgoblins
  2 jackals (D:4)
  2 kobolds
  3 quokkas (D:1)
  2 bats
  3 frilled lizards
  6 rats
90 creatures vanquished.

Notes
Turn   | Place    | Note
-------+----------+-------------------------------------------
     0 | D:1      | Bnni the Demonspawn Gladiator began the quest for the Orb.
     0 | D:1      | Reached XP level 1. HP: 16/16 MP: 1/1
   163 | D:1      | Gained mutation: You have large cloven feet. [demonic
                  | ancestry]
   163 | D:1      | Reached XP level 2. HP: 22/22 MP: 2/2
   563 | D:1      | Found a faded altar of an unknown god.
   567 | D:1      | Prayed at the altar of an unknown god.
   567 | D:1      | Became a worshipper of Lugonu the Unformed
   567 | D:1      | Reached * piety under Lugonu
   567 | D:1      | Reached ** piety under Lugonu
  1244 | D:2      | Reached XP level 3. HP: 28/28 MP: 3/3
  1255 | D:2      | Reached skill level 1 in Ranged Weapons
  1721 | D:2      | Reached XP level 4. HP: 34/34 MP: 4/4
  1879 | D:3      | Reached *** piety under Lugonu
  1951 | D:3      | Reached skill level 2 in Ranged Weapons
  2480 | D:3      | Found a broken altar of Ashenzari.
  2731 | D:3      | Gained mutation: You have hoof-like feet. [demonic
                  | ancestry]
  2731 | D:3      | Reached XP level 5. HP: 41/41 MP: 5/5
  2739 | D:3      | Reached skill level 3 in Ranged Weapons
  3370 | D:4      | Found a sparkling altar of Nemelex Xobeh.
  3384 | D:4      | You fall into a shaft and drop 1 floor!
  3384 | D:5      | Entered Level 5 of the Dungeon
  3393 | D:5      | Reached XP level 6. HP: 48/48 MP: 6/6
  3399 | D:5      | Reached skill level 4 in Ranged Weapons
  3555 | D:5      | Reached **** piety under Lugonu
  3557 | D:5      | Reached skill level 5 in Ranged Weapons
  3557 | D:5      | Gained mutation: You are partially covered in large bone
                  | plates. (SH +4) [demonic ancestry]
  3557 | D:5      | Reached XP level 7. HP: 55/55 MP: 7/7
  3613 | D:5      | Noticed Sigmund
  3636 | D:5      | HP: 1/55 [something (6)]
  3636 | D:5      | Slain by Sigmund

Illustrated notes

Levels and vault maps discovered:
D:1:      saegor_arrival_simple_c, layout_loops_corners,
          shapermc_ecumenical_altar_acropolis
D:2:      layout_rooms
D:3:      layout_basic, evilmike_ruin_ashenzari, minmay_tree_intersection,
          grunt_ministairs_1, minmay_close_crescents
D:4:      layout_basic, marbit_many_paths, mainiacjoe_overflow_alcove_2,
          lemuel_zombie_altar_yredelemnul, serial_undead, serial_undead_e,
          serial_undead_b, serial_undead_d, serial_undead_e
D:5:      layout_gridville, nicolae_sif_muna_little_library,
          grunt_qazlal_sundering, uniq_sigmund

Skill      XL: |  1  2  3  4  5  6 |
---------------+-------------------+-----
Long Blades    | 3 |  3.3
Ranged Weapons | 1 2 3 5 |  5.4
Fighting       | 3 4 |  4.9
Throwing       | |  1.7
Dodging        | |  2.6

Action                   |  1- 3 |  4- 6 |  7- 9 || total
-------------------------+-------+-------+-------++-------
Melee: Long sword        |    72 |    97 |     6 ||   175
       Kick              |    11 |    27 |     2 ||    40
       Punch             |       |     1 |       ||     1
 Fire: Sling             |    47 |       |       ||    47
       Arbalest          |       |    51 |    20 ||    71
Throw: Throwing net      |       |     2 |       ||     2
       Dart              |       |     5 |       ||     5
Armor: Leather armour    |    20 |    24 |       ||    44
       Ring mail         |       |    52 |     2 ||    54
Dodge: Dodged            |    81 |    80 |     2 ||   163
Block: Other             |       |       |     1 ||     1

Table legend: (Time is in decaauts)
 A = Elapsed time spent in this place.
 B = Non-inter-level travel time spent in this place.
 C = Inter-level travel time spent in this place.
 D = Time resting spent in this place.
 E = Time spent auto-exploring this place.
 F = Levels seen in this place.
 G = Mean time per level.
                   A        B        C        D        E       F      G
               +--------+--------+--------+--------+--------+-----+--------+
         Total |   3745 |   3668 |     77 |    233 |   2754 |   5 |  749.0 |
       Dungeon |   3745 |   3668 |     77 |    233 |   2754 |   5 |  749.0 |
               +--------+--------+--------+--------+--------+-----+--------+

Top non-repeatable levels by time:
     D:1: 1140 daAuts
     D:3: 1056 daAuts
     D:2: 756 daAuts
     D:4: 500 daAuts
     D:5: 292 daAuts
